 Dungeon Sprint DCSS version 0.30-a0-250-g41c1d76940 (webtiles) character file.

Game seed: 12168408716194104603

3600000 ytrimaz the Conqueror (level 21, -94/204 HPs)
             Began as a Demonspawn Monk on Oct 12, 2022.
             Was the Champion of Makhleb.
             Annihilated by a destroyer
             ... wielding a +9 vorpal great sword
              (197 damage)
             ... in the Dungeon (Sprint VIII: "Arena of Blood").
             The game lasted 00:01:24 (36 turns).

ytrimaz the Conqueror (Demonspawn Monk)               Turns: 36, Time: 00:01:24

Health: -94/204    AC:  4    Str: 13    XL:     21   Next: 1%
Magic:  19/37      EV: 39    Int: 11    God:    Makhleb [******]
Gold:   0          SH:  8    Dex: 26    Spells: 45/45 levels left

rFire   . . .      SeeInvis .    i - +∞ Axe of Woe
rCold   . . .      Faith    .    (shield currently unavailable)
rNeg    . . .      Spirit   .    a - +0 robe
rPois   .          Reflect  .    (no helmet)
rElec   .          Harm     .    (no cloak)
rCorr   .          Rampage  .    (gloves unavailable)
Will    +....      NoTele   +    (no boots)
Stlth   ++++++++++               (no amulet)
HPRegen 10.54/turn               (no ring)
MPRegen 0.25/turn                (no ring)

@: no status effects
A: large bone plates 3, foul stench 2, powered by death 2, demonic touch 3
a: Renounce Religion, Minor Destruction, Lesser Servant of Makhleb, Major
Destruction, Greater Servant of Makhleb


You were in the Dungeon.
You worshipped Makhleb.
Makhleb was exalted by your worship.
You visited 1 branch


Innate Abilities, Weirdness & Mutations

You are completely covered in large bone plates. (SH +8)
You sometimes emit foul miasma when damaged in melee.
You regenerate health from kills.
Your touch may irresistibly damage your foes and sap their willpower.


   Skills:
 O Level 27 Fighting
 + Level 10.2(12.0) Short Blades
 + Level 10.2(12.0) Long Blades
 O Level 27 Axes
 + Level 12.8(22.2) Maces & Flails
 + Level 12.8(22.2) Polearms
 + Level 10.2(15.1) Staves
 + Level 10.2 Ranged Weapons
 + Level 10.1 Throwing
 O Level 27 Armour
 O Level 27 Dodging
 O Level 27 Stealth
 + Level 10.2 Shields
 + Level 13.2 Unarmed Combat
 + Level 12.8 Spellcasting
 + Level 11.2 Conjurations
 + Level 11.1 Hexes
 + Level 11.1 Summonings
 + Level 11.9 Necromancy
 + Level 10.2 Translocations
 + Level 10.1 Transmutations
 + Level 10.2 Fire Magic
 + Level 10.1 Ice Magic
 + Level 10.2 Air Magic
 + Level 10.1 Earth Magic
 + Level 11.0 Poison Magic
 + Level 17.7 Invocations
 + Level 11.0 Evocations


You had 45 spell levels left.
You didn't know any spells.
Your spell library was empty.

Inventory:

Hand Weapons
 i - the +∞ Axe of Woe (weapon)
   (You found it in the Dungeon)
Armour
 a - a +0 robe (worn)
Scrolls
 h - a scroll of blinking
Potions
 b - a potion of ambrosia
 c - a potion of curing
 d - a potion of heal wounds
 e - a potion of haste
 f - 2 potions of magic
 g - a potion of berserk rage

Dungeon Overview and Level Annotations

Branches:
Dungeon (1/1) Zot: 27000

Altars:
Makhleb

.#........#.......
.O......#.... #.......
.....#.O....###.... ..
#.o............).###..
.......#...))))._...
..o..#.D.....#.....#
###o......)).#_.<._#
...##.Vo§#§.))...#.....#
#...§@§o§#........_...
#..o§ooO§.o......###..
.....§o§§oo.O.###.......
....o.....o.....#.......
..oo.oO.....oO..#.......
...o...#...oO.o.........
......#.#z#...o... ...
.......#.#.......O


You could see an eight-headed meat hydra, a destroyer, a sculptor of flesh, 3
large bags of meat, 3 meat berserkers and 21 bags of meat.


Message History

You hear a shout!
The meat berserker is engulfed in blazing flames.
You hear a shout!
The bag of meat is engulfed in blazing flames. x2
You hear a shout! x3
Your base Short Blades skill increases to level 9!
Your base Long Blades skill increases to level 9!
Your base Maces & Flails skill increases to level 12!
Your base Polearms skill increases to level 12!
Your base Staves skill increases to level 9!
Your Ranged Weapons skill increases to level 9!
Your Throwing skill increases to level 9!
Your Shields skill increases to level 9!
Your Unarmed Combat skill increases to level 12!
Your Spellcasting skill increases to level 12!
Your Conjurations skill increases to level 10!
Your Summonings skill increases to level 10!
Your Necromancy skill increases to level 10!
Your Translocations skill increases to level 9!
Your Transmutations skill increases to level 9!
Your Fire Magic skill increases to level 9!
Your Ice Magic skill increases to level 9!
Your Air Magic skill increases to level 9!
Your Earth Magic skill increases to level 9!
Your Poison Magic skill increases to level 9!
Your Invocations skill increases to level 16!
Your Evocations skill increases to level 9! 😕 HP[+26]
You regained 26 hp, and now have 186/197 hp.
Unknown command.
Unknown command.
You slash the meat berserker!
You chop the meat berserker into pieces.
You kill the meat berserker!
Makhleb accepts your kill.
You dice the meat berserker like an onion!!!
You hew the meat berserker savagely.
You kill the meat berserker!
Makhleb accepts your kill.
You feel better.
You slash the bag of meat!
You fatally mangle the bag of meat.
You kill the bag of meat!
Makhleb accepts your kill.
You are engulfed in blazing flames.
You hear a shout! x4
The destroyer casts a spell at you.
The destroyer blinks!
You hear a shout! x2
A meat berserker comes into view. It is wielding a +9 battleaxe. x2
You hear a shout!
Your base Short Blades skill increases to level 10!
Your base Long Blades skill increases to level 10!
Your base Staves skill increases to level 10!
Your Ranged Weapons skill increases to level 10!
Your Throwing skill increases to level 10!
Your Shields skill increases to level 10!
Your Unarmed Combat skill increases to level 13!
Your Conjurations skill increases to level 11!
Your Hexes skill gained 2 levels and is now at level 11!
Your Summonings skill increases to level 11!
Your Necromancy skill increases to level 11!
Your Translocations skill increases to level 10!
Your Transmutations skill increases to level 10!
Your Fire Magic skill increases to level 10!
Your Ice Magic skill increases to level 10!
Your Air Magic skill increases to level 10!
Your Earth Magic skill increases to level 10!
Your Poison Magic skill gained 2 levels and is now at level 11!
Your Invocations skill increases to level 17!
Your Evocations skill gained 2 levels and is now at level 11!
You have reached level 21!
Your experience leads to an increase in your attributes!
Increase (S)trength, (I)ntelligence, or (D)exterity?
You feel agile. x2; Your demonic ancestry asserts itself...
Large bone plates cover your arms completely. 😕 HP[+11]
You now have 204 max hp (+7).
You regained 11 hp, and now have 197/204 hp.
Unknown command.
Unknown command.
Unknown command.
Unknown command.
You hear a shout! x2
The meat berserker is engulfed in blazing flames.
The eight-headed meat hydra calls on the powers of darkness!
The eight-headed meat hydra convulses!
The bag of meat convulses!
Your body is wracked with pain!
The bag of meat convulses!
The meat berserker convulses! x2
The large bag of meat convulses!
Flame seeps out of the large bag of meat.
The bag of meat convulses! x4; The meat berserker convulses!
You hear a shout!
The bag of meat is engulfed in blazing flames. x2
You hear a shout!
The bag of meat is engulfed in blazing flames.
A sculptor of flesh comes into view. It is wielding a +9 great sword.
You hear a shout! x2
The destroyer is engulfed in blazing flames.
The destroyer hits you with a +9 vorpal great sword!!!!!
Ouch! That really hurt!
You die...

Skill      XL: |  1  2  3  4  5  6  7  8  9 10 11 12 13 14 15 16 17 18 19 20 |
---------------+-------------------------------------------------------------+-----
Fighting       | 15 16 19 20 22 27 | 27.0
Axes           | 13 15 17 18 20 25 27 | 27.0
Armour         | 13 15 17 18 20 25 27 | 27.0
Dodging        | 14 15 17 18 20 25 27 | 27.0
Stealth        | 15 16 19 20 22 27 | 27.0
Maces & Flails | 9 10 12 | 12.8
Polearms       | 9 10 12 | 12.8
Unarmed Combat | 10 11 13 | 13.2
Spellcasting   | 9 10 12 | 12.8
Invocations    | 13 15 17 | 17.7
Short Blades   | 4 7 10 | 10.2
Long Blades    | 4 7 10 | 10.2
Staves         | 4 7 10 | 10.2
Ranged Weapons | 4 7 10 | 10.2
Throwing       | 4 7 10 | 10.1
Shields        | 4 7 10 | 10.2
Conjurations   | 5 8 11 | 11.2
Hexes          | 5 8 11 | 11.1
Summonings     | 5 8 11 | 11.1
Necromancy     | 5 8 11 | 11.9
Translocations | 4 7 10 | 10.2
Transmutations | 4 7 10 | 10.1
Fire Magic     | 4 7 10 | 10.2
Ice Magic      | 4 7 10 | 10.1
Air Magic      | 4 7 10 | 10.2
Earth Magic    | 4 7 10 | 10.1
Poison Magic   | 5 7 11 | 11.0
Evocations     | 5 7 11 | 11.0

Action                   |  1- 3 |  4- 6 |  7- 9 | 10-12 | 13-15 | 16-18 | 19-21 || total
-------------------------+-------+-------+-------+-------+-------+-------+-------++-------
Melee: Executioner's axe |     1 |       |       |     1 |     6 |     6 |     4 ||    18

Levels and vault maps discovered:
D:        meatsprint

Notes
Turn   | Place    | Note
-------+----------+-------------------------------------------
     0 | D        | Found the +∞ Axe of Woe
     0 | D        | ytrimaz the Demonspawn Monk began the quest for the Orb.
     0 | D        | Reached XP level 1. HP: 18/18 MP: 1/1
     0 | D        | magus.rc [v1.9.6]
     2 | D        | Noticed a bag of meat
     4 | D        | Became a worshipper of Makhleb the Destroyer
     4 | D        | Reached * piety under Makhleb
     4 | D        | Reached ** piety under Makhleb
     4 | D        | Noticed a meat berserker
     4 | D        | Noticed a bag of meat
     5 | D        | Noticed a bag of meat
     6 | D        | Noticed a bag of meat
     7 | D        | Noticed a bag of meat
     8 | D        | Killed a bag of meat
     8 | D        | Killed a meat berserker
     8 | D        | Noticed a bag of meat
     8 | D        | HP: 3/18 [bag of meat/+9 war axe (15)]
     9 | D        | Reached skill level 15 in Fighting
     9 | D        | Reached skill level 13 in Axes
     9 | D        | Reached skill level 13 in Armour
     9 | D        | Reached skill level 14 in Dodging
     9 | D        | Reached skill level 15 in Stealth
     9 | D        | Gained mutation: You are partially covered in large bone
                  | plates. (SH +4) [demonic ancestry]
     9 | D        | Reached XP level 2. HP: 7/44 MP: 2/2
     9 | D        | Reached XP level 3. HP: 8/50 MP: 3/3
     9 | D        | Gained mutation: You regenerate a little health from kills.
                  | [demonic ancestry]
     9 | D        | Reached XP level 4. HP: 9/57 MP: 4/4
     9 | D        | Gained mutation: You may rarely emit foul miasma when
                  | damaged in melee. [demonic ancestry]
     9 | D        | Reached XP level 5. HP: 10/63 MP: 5/5
     9 | D        | Reached XP level 6. HP: 12/70 MP: 6/6
     9 | D        | Reached XP level 7. HP: 13/76 MP: 7/7
     9 | D        | Reached XP level 8. HP: 14/83 MP: 8/8
     9 | D        | Gained mutation: You are mostly covered in large bone
                  | plates. (SH +6) [demonic ancestry]
     9 | D        | Reached XP level 9. HP: 15/89 MP: 9/9
     9 | D        | Gained mutation: Your touch may inflict minor irresistible
                  | damage on your foes. [demonic ancestry]
     9 | D        | Reached XP level 10. HP: 16/96 MP: 10/10
     9 | D        | Gained mutation: You regenerate health from kills. [demonic
                  | ancestry]
     9 | D        | Reached XP level 11. HP: 17/102 MP: 11/11
     9 | D        | Reached XP level 12. HP: 18/109 MP: 12/12
     9 | D        | Killed a bag of meat
     9 | D        | Killed a bag of meat
     9 | D        | Reached *** piety under Makhleb
    10 | D        | Reached skill level 16 in Fighting
    10 | D        | Reached skill level 15 in Axes
    10 | D        | Reached skill level 15 in Armour
    10 | D        | Reached skill level 15 in Dodging
    10 | D        | Reached skill level 16 in Stealth
    10 | D        | Reached XP level 13. HP: 79/119 MP: 13/13
    10 | D        | Noticed a meat berserker
    10 | D        | Killed a bag of meat
    11 | D        | Reached skill level 17 in Fighting
    11 | D        | Reached skill level 16 in Axes
    11 | D        | Reached skill level 16 in Armour
    11 | D        | Reached skill level 16 in Dodging
    11 | D        | Reached skill level 17 in Stealth
    11 | D        | Noticed a meat berserker
    11 | D        | Noticed a meat berserker
    12 | D        | Killed a bag of meat
    12 | D        | Killed a meat berserker
    12 | D        | Reached **** piety under Makhleb
    13 | D        | Reached skill level 19 in Fighting
    13 | D        | Reached skill level 17 in Axes
    13 | D        | Reached skill level 17 in Armour
    13 | D        | Reached skill level 17 in Dodging
    13 | D        | Reached skill level 19 in Stealth
    13 | D        | Gained mutation: Your touch may inflict irresistible damage
                  | on your foes. [demonic ancestry]
    13 | D        | Reached XP level 14. HP: 79/133 MP: 14/14
    14 | D        | Noticed a meat berserker
    14 | D        | Noticed a bag of meat
    15 | D        | Killed a meat berserker
    16 | D        | Reached skill level 20 in Fighting
    16 | D        | Reached skill level 18 in Axes
    16 | D        | Reached skill level 18 in Armour
    16 | D        | Reached skill level 18 in Dodging
    16 | D        | Reached skill level 20 in Stealth
    16 | D        | Reached XP level 15. HP: 50/142 MP: 15/15
    16 | D        | Killed a meat berserker
    16 | D        | Noticed a meat berserker
    17 | D        | Reached skill level 21 in Fighting
    17 | D        | Reached skill level 19 in Axes
    17 | D        | Reached skill level 19 in Armour
    17 | D        | Reached skill level 19 in Dodging
    17 | D        | Reached skill level 21 in Stealth
    18 | D        | Killed a meat berserker
    19 | D        | Reached skill level 22 in Fighting
    19 | D        | Reached skill level 20 in Axes
    19 | D        | Reached skill level 20 in Armour
    19 | D        | Reached skill level 20 in Dodging
    19 | D        | Reached skill level 22 in Stealth
    19 | D        | Noticed a meat berserker
    20 | D        | Reached ***** piety under Makhleb
    20 | D        | Noticed a meat berserker
    21 | D        | Gained mutation: You sometimes emit foul miasma when
                  | damaged in melee. [demonic ancestry]
    21 | D        | Reached XP level 16. HP: 99/155 MP: 16/16
    21 | D        | Noticed a destroyer
    21 | D        | Noticed a meat berserker
    22 | D        | Noticed a destroyer
    22 | D        | Noticed a large bag of meat
    23 | D        | Noticed a large bag of meat
    23 | D        | Noticed a meat berserker
    24 | D        | Noticed a large bag of meat
    24 | D        | Noticed a meat berserker
    24 | D        | HP: 26/155 [meat berserker/+9 battleaxe (56)]
    24 | D        | Noticed a large bag of meat
    25 | D        | Noticed a meat berserker
    25 | D        | Killed a meat berserker
    25 | D        | Killed a meat berserker
    25 | D        | Noticed a large bag of meat
    26 | D        | Reached skill level 24 in Fighting
    26 | D        | Reached skill level 22 in Axes
    26 | D        | Reached skill level 22 in Armour
    26 | D        | Reached skill level 22 in Dodging
    26 | D        | Reached skill level 23 in Stealth
    26 | D        | Noticed a destroyer
    26 | D        | Noticed a large bag of meat
    27 | D        | Noticed a meat berserker
    27 | D        | Killed a meat berserker
    28 | D        | Reached skill level 23 in Dodging
    28 | D        | Reached skill level 24 in Stealth
    28 | D        | Killed a destroyer
    28 | D        | Killed a meat berserker
    28 | D        | Killed a meat berserker
    28 | D        | Killed a large bag of meat
    28 | D        | Noticed an eight-headed meat hydra
    28 | D        | Noticed a meat berserker
    28 | D        | Noticed a meat berserker
    29 | D        | Reached skill level 27 in Fighting
    29 | D        | Reached skill level 25 in Axes
    29 | D        | Reached skill level 25 in Armour
    29 | D        | Reached skill level 25 in Dodging
    29 | D        | Reached skill level 27 in Stealth
    29 | D        | Reached XP level 17. HP: 147/174 MP: 17/17
    29 | D        | Reached XP level 18. HP: 153/182 MP: 18/18
    29 | D        | Killed a destroyer
    29 | D        | Reached ****** piety under Makhleb
    29 | D        | Killed a meat berserker
    30 | D        | Reached skill level 27 in Axes
    30 | D        | Reached skill level 27 in Armour
    30 | D        | Reached skill level 27 in Dodging
    30 | D        | Reached skill level 8 in Maces & Flails
    30 | D        | Reached skill level 8 in Polearms
    30 | D        | Reached skill level 8 in Unarmed Combat
    30 | D        | Reached skill level 8 in Spellcasting
    30 | D        | Reached skill level 11 in Invocations
    30 | D        | Killed a large bag of meat
    30 | D        | Noticed a large bag of meat
    31 | D        | Reached skill level 2 in Short Blades
    31 | D        | Reached skill level 2 in Long Blades
    31 | D        | Reached skill level 2 in Staves
    31 | D        | Reached skill level 2 in Ranged Weapons
    31 | D        | Reached skill level 2 in Throwing
    31 | D        | Reached skill level 2 in Shields
    31 | D        | Reached skill level 9 in Unarmed Combat
    31 | D        | Reached skill level 2 in Conjurations
    31 | D        | Reached skill level 2 in Hexes
    31 | D        | Reached skill level 2 in Summonings
    31 | D        | Reached skill level 3 in Necromancy
    31 | D        | Reached skill level 2 in Translocations
    31 | D        | Reached skill level 2 in Transmutations
    31 | D        | Reached skill level 2 in Fire Magic
    31 | D        | Reached skill level 2 in Ice Magic
    31 | D        | Reached skill level 2 in Air Magic
    31 | D        | Reached skill level 2 in Earth Magic
    31 | D        | Reached skill level 2 in Poison Magic
    31 | D        | Reached skill level 12 in Invocations
    31 | D        | Reached skill level 2 in Evocations
    31 | D        | Killed a meat berserker
    31 | D        | Killed a large bag of meat
    31 | D        | Noticed a large bag of meat
    32 | D        | Reached skill level 4 in Short Blades
    32 | D        | Reached skill level 4 in Long Blades
    32 | D        | Reached skill level 9 in Maces & Flails
    32 | D        | Reached skill level 9 in Polearms
    32 | D        | Reached skill level 4 in Staves
    32 | D        | Reached skill level 4 in Ranged Weapons
    32 | D        | Reached skill level 4 in Throwing
    32 | D        | Reached skill level 4 in Shields
    32 | D        | Reached skill level 10 in Unarmed Combat
    32 | D        | Reached skill level 9 in Spellcasting
    32 | D        | Reached skill level 5 in Conjurations
    32 | D        | Reached skill level 5 in Hexes
    32 | D        | Reached skill level 5 in Summonings
    32 | D        | Reached skill level 5 in Necromancy
    32 | D        | Reached skill level 4 in Translocations
    32 | D        | Reached skill level 4 in Transmutations
    32 | D        | Reached skill level 4 in Fire Magic
    32 | D        | Reached skill level 4 in Ice Magic
    32 | D        | Reached skill level 4 in Air Magic
    32 | D        | Reached skill level 4 in Earth Magic
    32 | D        | Reached skill level 5 in Poison Magic
    32 | D        | Reached skill level 13 in Invocations
    32 | D        | Reached skill level 5 in Evocations
    32 | D        | Reached XP level 19. HP: 125/189 MP: 18/32
    32 | D        | Killed a large bag of meat
    33 | D        | Reached skill level 7 in Short Blades
    33 | D        | Reached skill level 7 in Long Blades
    33 | D        | Reached skill level 10 in Maces & Flails
    33 | D        | Reached skill level 10 in Polearms
    33 | D        | Reached skill level 7 in Staves
    33 | D        | Reached skill level 7 in Ranged Weapons
    33 | D        | Reached skill level 7 in Throwing
    33 | D        | Reached skill level 7 in Shields
    33 | D        | Reached skill level 11 in Unarmed Combat
    33 | D        | Reached skill level 10 in Spellcasting
    33 | D        | Reached skill level 8 in Conjurations
    33 | D        | Reached skill level 8 in Hexes
    33 | D        | Reached skill level 8 in Summonings
    33 | D        | Reached skill level 8 in Necromancy
    33 | D        | Reached skill level 7 in Translocations
    33 | D        | Reached skill level 7 in Transmutations
    33 | D        | Reached skill level 7 in Fire Magic
    33 | D        | Reached skill level 7 in Ice Magic
    33 | D        | Reached skill level 7 in Air Magic
    33 | D        | Reached skill level 7 in Earth Magic
    33 | D        | Reached skill level 7 in Poison Magic
    33 | D        | Reached skill level 15 in Invocations
    33 | D        | Reached skill level 7 in Evocations
    33 | D        | Gained mutation: Your touch may irresistibly damage your
                  | foes and sap their willpower. [demonic ancestry]
    33 | D        | Reached XP level 20. HP: 146/197 MP: 18/34
    33 | D        | Killed a large bag of meat
    33 | D        | Noticed a meat berserker
    34 | D        | Reached skill level 8 in Short Blades
    34 | D        | Reached skill level 8 in Long Blades
    34 | D        | Reached skill level 11 in Maces & Flails
    34 | D        | Reached skill level 11 in Polearms
    34 | D        | Reached skill level 8 in Staves
    34 | D        | Reached skill level 8 in Ranged Weapons
    34 | D        | Reached skill level 8 in Throwing
    34 | D        | Reached skill level 8 in Shields
    34 | D        | Reached skill level 11 in Spellcasting
    34 | D        | Reached skill level 9 in Conjurations
    34 | D        | Reached skill level 9 in Hexes
    34 | D        | Reached skill level 9 in Summonings
    34 | D        | Reached skill level 9 in Necromancy
    34 | D        | Reached skill level 8 in Translocations
    34 | D        | Reached skill level 8 in Transmutations
    34 | D        | Reached skill level 8 in Fire Magic
    34 | D        | Reached skill level 8 in Ice Magic
    34 | D        | Reached skill level 8 in Air Magic
    34 | D        | Reached skill level 8 in Earth Magic
    34 | D        | Reached skill level 8 in Poison Magic
    34 | D        | Reached skill level 8 in Evocations
    35 | D        | Reached skill level 9 in Short Blades
    35 | D        | Reached skill level 9 in Long Blades
    35 | D        | Reached skill level 12 in Maces & Flails
    35 | D        | Reached skill level 12 in Polearms
    35 | D        | Reached skill level 9 in Staves
    35 | D        | Reached skill level 9 in Ranged Weapons
    35 | D        | Reached skill level 9 in Throwing
    35 | D        | Reached skill level 9 in Shields
    35 | D        | Reached skill level 12 in Unarmed Combat
    35 | D        | Reached skill level 12 in Spellcasting
    35 | D        | Reached skill level 10 in Conjurations
    35 | D        | Reached skill level 10 in Summonings
    35 | D        | Reached skill level 10 in Necromancy
    35 | D        | Reached skill level 9 in Translocations
    35 | D        | Reached skill level 9 in Transmutations
    35 | D        | Reached skill level 9 in Fire Magic
    35 | D        | Reached skill level 9 in Ice Magic
    35 | D        | Reached skill level 9 in Air Magic
    35 | D        | Reached skill level 9 in Earth Magic
    35 | D        | Reached skill level 9 in Poison Magic
    35 | D        | Reached skill level 16 in Invocations
    35 | D        | Reached skill level 9 in Evocations
    35 | D        | Killed a meat berserker
    35 | D        | Killed a meat berserker
    35 | D        | Noticed a meat berserker
    35 | D        | Noticed a meat berserker
    36 | D        | Reached skill level 10 in Short Blades
    36 | D        | Reached skill level 10 in Long Blades
    36 | D        | Reached skill level 10 in Staves
    36 | D        | Reached skill level 10 in Ranged Weapons
    36 | D        | Reached skill level 10 in Throwing
    36 | D        | Reached skill level 10 in Shields
    36 | D        | Reached skill level 13 in Unarmed Combat
    36 | D        | Reached skill level 11 in Conjurations
    36 | D        | Reached skill level 11 in Hexes
    36 | D        | Reached skill level 11 in Summonings
    36 | D        | Reached skill level 11 in Necromancy
    36 | D        | Reached skill level 10 in Translocations
    36 | D        | Reached skill level 10 in Transmutations
    36 | D        | Reached skill level 10 in Fire Magic
    36 | D        | Reached skill level 10 in Ice Magic
    36 | D        | Reached skill level 10 in Air Magic
    36 | D        | Reached skill level 10 in Earth Magic
    36 | D        | Reached skill level 11 in Poison Magic
    36 | D        | Reached skill level 17 in Invocations
    36 | D        | Reached skill level 11 in Evocations
    36 | D        | Gained mutation: You are completely covered in large bone
                  | plates. (SH +8) [demonic ancestry]
    36 | D        | Reached XP level 21. HP: 197/204 MP: 18/37
    36 | D        | Annihilated by a destroyer

Vanquished Creatures
  2 vampire knights (D)
  14 ogres (D)
  5 two-headed ogres (D)
  18 orcs (D)
39 creatures vanquished.

Table legend:
 A = Non-vault XP
 B = Vault XP
 C = Vault XP percentage of total XP
 D = Non-vault monster count
 E = Vault monster count
 F = Vault count percentage of total count
                 A         B        C        D         E       F
            +---------+---------+-------+---------+---------+-------
      Total |  283449 |  303169 |  51.7 |      17 |      22 |  56.4
            +---------+---------+-------+---------+---------+-------
          D |  283449 |  303169 |  51.7 |      17 |      22 |  56.4
            +---------+---------+-------+---------+---------+-------

Illustrated notes

Table legend:
 A = Kills in this place as a percentage of kills in entire the game.
 B = Kills by you in this place as a percentage of kills by you in the entire game.
 C = Kills by friends in this place as a percentage of kills by friends in the entire game.
 D = Other kills in this place as a percentage of other kills in the entire game.
 E = Experience gained in this place as a percentage of experience gained in the entire game.
 F = Experience gained in this place divided by the number of levels of this place that you have seen.
                   A       B       C       D       E      F
               +-------+-------+-------+-------+-------+----------------------
         Total | 100.0 | 100.0 |   N/A |   N/A | 100.0 | 586618.0
       Dungeon | 100.0 | 100.0 |   N/A |   N/A | 100.0 | 586618.0
               +-------+-------+-------+-------+-------+----------------------

Table legend: (Time is in decaauts)
 A = Elapsed time spent in this place.
 B = Non-inter-level travel time spent in this place.
 C = Inter-level travel time spent in this place.
 D = Time resting spent in this place.
 E = Time spent auto-exploring this place.
 F = Levels seen in this place.
 G = Mean time per level.
                   A        B        C        D        E       F      G
               +--------+--------+--------+--------+--------+-----+--------+
         Total |     33 |     33 |      0 |      0 |      0 |   1 |   33.0 |
       Dungeon |     33 |     33 |      0 |      0 |      0 |   1 |   33.0 |
               +--------+--------+--------+--------+--------+-----+--------+

Top non-repeatable levels by time:
       D: 33 daAuts
